 Dungeon Crawl Stone Soup version 0.31.0-32-g396128a36d (webtiles) character file.

Game seed: 11290088301249266795

605 hawla the Ducker (level 7, -2/40 HPs)
             Began as a Deep Elf Fire Elementalist on Apr 7, 2024.
             Was an Initiate of Vehumet.
             Slain by a scorpion (5 damage)
             ... on level 5 of the Dungeon.
             The game lasted 00:08:58 (3976 turns).

hawla the Ducker (Deep Elf Fire Elementalist)       Turns: 3976, Time: 00:08:58

Health: -2/40      AC:  3    Str:  5    XL:     7   Next: 19%
Magic:  13/13      EV: 15    Int: 25    God:    Vehumet [......]
Gold:   278        SH:  0    Dex: 22    Spells: 5/12 levels left

rFire   . . .        i - +5 Force Lance {heavy, knockback}
rCold   . . .        (no shield)
rNeg    . . .        j - +1 robe of the New World {Int+3 Dex+7}
rPois   .            (no helmet)
rElec   .            (no cloak)
rCorr   .            (no gloves)
SInv    .            (no boots)
Will    +....        h - amulet of the acrobat
Stlth   +++          (no ring)
HPRegen 0.26/turn    (no ring)
MPRegen 0.13/turn

%: acrobat
@: enlightened, flying
A: no striking features
a: Renounce Religion


You were on level 5 of the Dungeon.
You worshipped Vehumet.
Vehumet was noncommittal.
You visited 1 branch of the dungeon, and saw 5 of its levels.

You collected 278 gold pieces.

Inventory:

Hand Weapons
 i - the +5 Force Lance (weapon) {heavy, knockback}
   (You found it on level 2 of the Dungeon)
 s - a +3 spear of distortion
Armour
 j - the +1 robe of the New World (worn) {Int+3 Dex+7}
   (You found it on level 3 of the Dungeon)

   Int+3:     It affects your intelligence (+3).
   Dex+7:     It affects your dexterity (+7).
Jewellery
 h - an amulet of the acrobat (around neck)
 u - a ring of ice
 v - a ring of flight
Scrolls
 a - a scroll of teleportation
 e - a scroll of enchant armour
 k - a scroll of fog
 l - a scroll of blinking {unknown}
 m - a scroll of acquirement {unknown}
 n - a scroll of brand weapon {unknown}
 q - a scroll of amnesia {unknown}
 r - a scroll of revelation {unknown}
 t - a scroll of identify
Potions
 b - a potion of magic
 c - a potion of berserk rage {unknown}
 d - a potion of attraction {unknown}
 f - a potion of enlightenment
 g - 2 potions of mutation {unknown}
 o - 2 potions of curing {unknown}
 p - a potion of degeneration {unknown}


   Skills:
 - Level 2.9 Fighting
 - Level 1.9 Polearms
 - Level 5.1 Dodging
 - Level 2.4 Stealth
 - Level 3.0 Spellcasting
 + Level 3.6 Conjurations
 + Level 4.8 Fire Magic
 - Level 0.5 Evocations


You had 5 spell levels left.
You knew the following spells:

 Your Spells              Type           Power      Damage    Failure   Level
a - Foxfire               Conj/Fire      96%        2x1d8     1%          1
b - Scorch                Fire           56%        2d7       1%          2
c - Flame Wave            Conj/Fire      24%        2d8       19%         4

Your spell library contained the following spells:

 Spells                   Type           Power      Damage    Failure   Level
 Apportation              Tloc           6%         N/A       10%         1
 Freeze                   Ice            12%        1d3       10%         1
 Inner Flame              Hex/Fire       15%        N/A       11%         3
 Volatile Blastmotes      Fire/Tloc      30%        2d12      11%         3
 Hailstorm                Conj/Ice       12%        3d6       14%         3
 Jinxbite                 Hex            6%         N/A       16%         2
 Frozen Ramparts          Ice            6%         1d1       30%         3
 Fugue of the Fallen      Necr           3%         N/A       30%         3
 Ozocubu's Armour         Ice            3%         N/A       30%         3
 Manifold Assault         Tloc           3%         N/A       69%         4
 Alistair's Intoxication  Alch           2%         N/A       95%         5


Dungeon Overview and Level Annotations

Branches:
Dungeon (5/15)
 Temple: D:4-7

Altars:
Cheibriados
Makhleb
Vehumet

Annotations:
D:3 3 runed translucent doors, metalburner8's ghost, amateur DrIE


Message History

An adder comes into view.
The adder hisses angrily.
You puncture the adder!
You kill the adder!
Vehumet accepts your kill.
No target in view!
You see here an adder corpse.
An ogre comes into view. It is wielding a +0 giant club.
An ogre is nearby!
An ogre is nearby!
An ogre is nearby!
You reach to attack!
You hit the ogre.
The ogre is moderately wounded.
You puncture the ogre!
The ogre is severely wounded.
The ogre hits you with a +0 giant club!!
A scorpion comes into view.
You hit the ogre.
The ogre is knocked back by the blow.
The ogre is almost dead.
You barely miss the ogre.
The ogre is almost dead.
The ogre hits you with a +0 giant club!
* * * LOW HITPOINT WARNING * * *
Unknown command.
It was a potion of enlightenment.
You feel very buoyant.
You fly up into the air.
The ogre completely misses you.
You puncture the ogre!
You kill the ogre!
Vehumet accepts your kill. The scorpion barely misses you.
Unknown command.
You hit the scorpion but do no damage.
The scorpion stings you but does no damage.
You puncture the scorpion!
The scorpion is severely wounded.
The scorpion stings you.
* * * LOW HITPOINT WARNING * * *
The scorpion stings you.
You die...

#.# ..#
... #..
#.# #.#
#s# #@#
#.#####
#.....#
#####.#
#.# #.#
#.# #†#
#. #.#
#.


You could see a scorpion.

Vanquished Creatures
  Sigmund (D:3)
  An ogre (D:5)
  A bombardier beetle (D:3)
  A crimson imp (D:3)
  2 hounds (D:4)
  An orc wizard (D:5)
  4 adders
  8 gnolls (D:4)
  A white imp (D:5)
  4 dart slugs
  2 ribbon worms
  4 orcs (D:5)
  4 endoplasms
  3 giant cockroaches
  8 goblins
  7 hobgoblins
  7 jackals
  2 quokkas
  6 ball pythons
  5 bats
  2 frilled lizards
  10 kobolds
  4 rats
88 creatures vanquished.

Vanquished Creatures (collateral kills)
  A foxfire (D:1)
1 creature vanquished.

Vanquished Creatures (others)
  87 foxfires
87 creatures vanquished.

Grand Total: 176 creatures vanquished

Notes
Turn   | Place    | Note
-------+----------+-------------------------------------------
     0 | D:1      | hawla the Deep Elf Fire Elementalist began the quest for
                  | the Orb.
     0 | D:1      | Reached XP level 1. HP: 10/10 MP: 6/6
   325 | D:1      | Reached XP level 2. HP: 16/16 MP: 6/8
   328 | D:1      | Learned a level 2 spell: Scorch
   357 | D:1      | Reached skill level 3 in Dodging
   591 | D:1      | Reached skill level 1 in Fighting
  1165 | D:2      | Reached XP level 3. HP: 20/20 MP: 6/9
  1643 | D:2      | Found the +5 Force Lance {heavy, knockback}
  2010 | D:3      | Found a faded altar of an unknown god.
  2086 | D:3      | Identified the +1 robe of the New World {Int+3 Dex+7}
  2140 | D:3      | Found a snail-covered altar of Cheibriados.
  2165 | D:3      | Found a runed translucent gate.
  2165 | D:3      | Noticed metalburner8's ghost (amateur DrIE)
  2166 | D:3      | Found a runed translucent gate.
  2167 | D:3      | Found a runed translucent gate.
  2168 | D:3      | Noticed a kobold brigand
  2241 | D:3      | Reached skill level 4 in Dodging
  2241 | D:3      | Reached XP level 4. HP: 26/26 MP: 10/10
  2319 | D:3      | Found a burning altar of Makhleb.
  2319 | D:3      | Found a radiant altar of Vehumet.
  2323 | D:3      | Reached skill level 1 in Polearms
  2328 | D:3      | Became a worshipper of Vehumet
  2375 | D:3      | Noticed Sigmund
  2395 | D:3      | Killed Sigmund
  2396 | D:3      | Reached skill level 5 in Dodging
  2396 | D:3      | Reached XP level 5. HP: 13/32 MP: 4/11
  2396 | D:3      | Reached XP level 6. HP: 14/36 MP: 4/12
  2828 | D:3      | Learned a level 4 spell: Flame Wave
  3774 | D:5      | Entered Level 5 of the Dungeon
  3875 | D:5      | Reached XP level 7. HP: 40/40 MP: 13/13
  3976 | D:5      | Slain by a scorpion

Illustrated notes

Levels and vault maps discovered:
D:1:      eino_arrival_tree_alley, layout_loops_ring, minmay_pentomino_q2
D:2:      layout_basic
D:3:      layout_basic, grunt_temple_overflow_lords_of_destruction,
          mainiacjoe_overflow_catwalk, nicolae_ecumenical_oubliette,
          gammafunk_ghost_nasty_kobolds, uniq_sigmund
D:4:      layout_loops_ring
D:5:      minmay_diamond_boxcup, layout_loops_ring,
          lemuel_mausoleum_altar_yredelemnul, uniq_menkaure, uniq_pikel

Skill      XL: |  1  2  3  4  5  6 |
---------------+-------------------+-----
Dodging        | 3 4 5 |  5.1
Fighting       | 1 2 |  2.9
Polearms       | 1 |  1.9
Conjurations   | 3 |  3.6
Fire Magic     | 4 |  4.8
Stealth        | |  2.4
Spellcasting   | |  3.0
Evocations     | |  0.5

Action                     |  1- 3 |  4- 6 |  7- 9 || total
---------------------------+-------+-------+-------++-------
  Melee: Unarmed           |     7 |       |       ||     7
         Lance             |     5 |    83 |     8 ||    96
   Cast: Foxfire           |    54 |       |       ||    54
         Scorch            |     1 |     7 |       ||     8
  Evoke: Wand              |       |     1 |       ||     1
    Use: Scroll            |     4 |     2 |       ||     6
         Potion            |       |     1 |     1 ||     2
   Stab: Sleeping          |       |    13 |       ||    13
 Armour: Robe              |     9 |    28 |     5 ||    42
  Dodge: Dodged            |    16 |    54 |     2 ||    72
